 Dungeon Crawl Stone Soup version 0.28-a0-883-gc8d7bad45d (webtiles) character file.

Game seed: 13155622212306736656

42 Anon1729 the Insei (level 3, -13/23 HPs)
             Began as an Octopode Transmuter on Nov 21, 2021.
             Was an Initiate of Ru.
             Mangled by an ogre (32 damage)
             ... on level 4 of the Dungeon.
             The game lasted 00:02:59 (2422 turns).

Anon1729 the Insei (Octopode Transmuter)            Turns: 2422, Time: 00:03:00

Health: -13/23     AC:  1    Str:  9    XL:     3   Next: 56%
Magic:  5/6        EV: 13    Int: 16    God:    Ru [......]
Gold:   48         SH:  0    Dex: 12    Spells: 0/6 levels left

rFire   . . .      SeeInvis +     - Unarmed
rCold   . . .      Faith    .   (no shield)
rNeg    . . .      Spirit   .   (helmet currently unavailable)
rPois   .          Reflect  .   (no amulet)
rElec   .          Harm     .   e - ring of see invisible
rCorr   .          Rampage  .   (no ring)
Will    .....                   (no ring)
Stlth   ++........              (no ring)
HPRegen 0.07/turn               (no ring)
MPRegen 0.10/turn               (no ring)
                                (no ring)
                                (no ring)

@: appendages
A: tentacle spike 3, almost no armour, amphibious, 8 rings, camouflage 1,
gelatinous body 1, (nimble swimmer 1), tentacles
a: End Transformation, Renounce Religion


You were on level 4 of the Dungeon.
You worshipped Ru.
Ru was noncommittal.
One of your tentacles had grown a beastly spike.
You visited 2 branches of the dungeon, and saw 4 of its levels.

You collected 48 gold pieces.

Inventory:

Jewellery
 e - a ring of see invisible (left tentacle)
Scrolls
 a - 4 scrolls of teleportation {unknown}
 b - a scroll of enchant weapon {unknown}
 c - a scroll of fear {unknown}
 g - a scroll of blinking {unknown}
Potions
 d - a potion of heal wounds {unknown}
 f - a potion of brilliance {unknown}


   Skills:
 + Level 1.6 Fighting
 + Level 2.4 Dodging
 + Level 3.2 Unarmed Combat
 + Level 2.4 Spellcasting
 + Level 2.4 Transmutations


You couldn't memorise any spells.
You knew the following spells:

 Your Spells              Type           Power      Damage    Failure   Level
a - Beastly Appendage     Tmut           18%        N/A       8%          1
b - Wereblood             Tmut           9%         N/A       11%         2
c - Spider Form           Tmut/Pois      5%         N/A       36%         3

Your spell library contained the following spells:

 Spells                   Type           Power      Damage    Failure   Level
 Ice Form                 Ice/Tmut       5%         N/A       77%         4


Dungeon Overview and Level Annotations

Branches:
Dungeon (4/15)             Temple (1/1) D:4

Altars:
Ashenzari
Cheibriados
Dithmenos
Elyvilon
Fedhas
Gozag
Hepliaklqana
Nemelex Xobeh
Okawaru
Qazlal
Ru
Sif Muna
Trog
Vehumet
Yredelemnul
Zin
The Shining One


Innate Abilities, Weirdness & Mutations

One of your tentacles has grown a beastly spike.
You cannot wear most types of armour.
You are amphibious.
You can wear up to eight rings at the same time.
Your skin changes colour to match your surroundings (Stealth+).
Your rubbery body absorbs attacks. (AC +1, EV +1)
((You are camouflaged near water. (Stealth+)))
You have tentacles for arms and can constrict up to eight enemies at once.


Message History

Ouch! That really hurt!
The ogre completely misses you.
There is a staircase to the Ecumenical Temple, spattered with blood here.
A giant cockroach comes into view.
There is a staircase to the Ecumenical Temple, spattered with blood here.
You climb downwards.
Welcome back to the Ecumenical Temple!
There is a staircase back to the Dungeon here.
You start resting.
HP restored.
You climb upwards.
Welcome back to the Dungeon!
The ogre barely misses you.
There is a staircase to the Ecumenical Temple, spattered with blood here.
There is a fountain of clear blue water here.
The ogre barely misses you.
Casting: Beastly Appendage (safe; 8% risk of failure)
Confirm with . or Enter, or press ? or * to list all spells.
One of your tentacles grows a vicious spike.
You tentacle-slap the ogre but do no damage.
Your tentacle spike misses the ogre.
You tentacle-slap the ogre, but do no damage.
You squeeze the ogre.
The ogre is lightly wounded.
The ogre closely misses you.
You tentacle-slap the ogre. You squeeze the ogre.
The ogre is moderately wounded.
The ogre hits you with a +0 giant spiked club.
You tentacle-slap the ogre.
You pierce the ogre.
You squeeze the ogre, but do no damage.
The ogre is severely wounded.
You tentacle-slap the ogre but do no damage.
You squeeze the ogre, but do no damage.
The ogre is severely wounded.
The ogre barely misses you.
You tentacle-slap the ogre.
The ogre is severely wounded.
The ogre completely misses you.
You tentacle-slap the ogre.
You pierce the ogre.
You squeeze the ogre.
The ogre is almost dead.
The ogre hits you with a +0 giant spiked club!!
Ouch! That really hurt!
You die...

.....#####
#.........
#.........
#......... #...
#.........
#....#.........
#....#.........
#....#.@.......
####.##.##O##.....
..#.........#.....
...................
..#..⌠...⌠..#......
..#.........#......
.......>...........
..#.........#......
..#..⌠...⌠..#......


You could see an ogre.

Vanquished Creatures
  5 dart slugs
  4 endoplasms (D:1)
  A giant cockroach (D:1)
  3 hobgoblins
  5 kobolds (D:1)
  2 ball pythons (D:1)
  4 bats
  A frilled lizard (D:1)
  A goblin (D:2)
  7 rats
33 creatures vanquished.

Notes
Turn   | Place    | Note
-------+----------+-------------------------------------------
     0 | D:1      | Anon1729 the Octopode Transmuter began the quest for the
                  | Orb.
     0 | D:1      | Reached XP level 1. HP: 13/13 MP: 3/3
   370 | D:1      | Reached XP level 2. HP: 16/18 MP: 5/5
   656 | D:1      | Found a faded altar of an unknown god.
   688 | D:1      | Prayed at the altar of an unknown god.
   688 | D:1      | Became a worshipper of Elyvilon the Healer
   688 | D:1      | Reached * piety under Elyvilon
   993 | D:1      | Reached XP level 3. HP: 21/23 MP: 6/6
  1926 | D:1      | Learned a level 2 spell: Wereblood
  1930 | D:1      | Learned a level 3 spell: Spider Form
  1996 | D:2      | You fall into a shaft and drop 2 floors!
  1996 | D:4      | Found a staircase to the Ecumenical Temple.
  2000 | D:4      | Noticed an ogre
  2008 | Temple   | Entered the Ecumenical Temple
  2075 | Temple   | Fell from the grace of Elyvilon
  2075 | Temple   | Became a worshipper of Ru the Awakened
  2422 | D:4      | Mangled by an ogre

Illustrated notes

Levels and vault maps discovered:
D:1:      dpeg_arrival_rooms_with_view, layout_basic, basic_ecumenical_altar
D:2:      layout_basic, minmay_tree_intersection
D:4:      layout_gridville, minmay_temple_entry_large_hall
Temple:   regret_index_temple_sphere_string

Action                   || total
-------------------------++-------
Melee: Unarmed           ||    85
       Tentacles         ||    17
       Constrict         ||    19
       Punch             ||     2
       Kick              ||     4
 Cast: Beastly Appendage ||     3
 Stab: Sleeping          ||     3
Armor: Skin              ||     7
Dodge: Dodged            ||    48

Table legend: (Time is in decaauts)
 A = Elapsed time spent in this place.
 B = Non-inter-level travel time spent in this place.
 C = Inter-level travel time spent in this place.
 D = Time resting spent in this place.
 E = Time spent auto-exploring this place.
 F = Levels seen in this place.
 G = Mean time per level.
                   A        B        C        D        E       F      G
               +--------+--------+--------+--------+--------+-----+--------+
         Total |   2418 |   2331 |     87 |    785 |   1216 |   4 |  604.5 |
       Dungeon |   2031 |   1972 |     59 |    585 |   1092 |   3 |  677.0 |
        Temple |    386 |    358 |     28 |    200 |    124 |   1 |  386.0 |
               +--------+--------+--------+--------+--------+-----+--------+

Top non-repeatable levels by time:
     D:1: 1930 daAuts
  Temple: 386 daAuts
     D:2: 61 daAuts
     D:4: 40 daAuts
